 Dungeon Crawl Stone Soup version 0.23.0 (webtiles) character file.

Game seed: 10157348643301831675

260 Laan the Skirmisher (level 6, -4/39 HPs)
             Began as a Gargoyle Fighter on Feb 8, 2019.
             Slain by a crocodile (11 damage)
             ... in a sewer.
             The game lasted 00:02:58 (1835 turns).

Laan the Skirmisher (Gargoyle Fighter)              Turns: 1835, Time: 00:02:58

Health: -4/39      AC: 16    Str: 21    XL:     6   Next: 17%
Magic:  6/6        EV:  5    Int:  9    God:
Gold:   124        SH:  9    Dex:  9    Spells: 5/5 levels left

rFire    . . .     SeeInvis .   a - +0 war axe
rCold    . . .     Gourm    .   c - +0 shield
rNeg     + . .     Faith    .   p - +0 chain mail
rPois    ∞         Spirit   .   (no helmet)
rElec    +         Reflect  .   (no cloak)
rCorr    .         Harm     .   i - +1 pair of gloves
MR       +....                  (no boots)
Stlth    ..........             (no amulet)
HPRegen  0.13/turn              j - ring of protection from magic
MPRegen  0.10/turn              (no ring)

@: no status effects
A: negative energy resistance 1, electricity resistance, unbreathing,
petrification resistance, rot immunity, AC +4
a: no special abilities


You were in a sewer.
You were hungry.

You visited 1 branch of the dungeon, and saw 3 of its levels.
You also visited: Sewer.

You collected 124 gold pieces.

Inventory:

Hand Weapons
 a - a +0 war axe (weapon)
Armour
 c - a +0 shield (worn)
 i - a +1 pair of gloves (worn)
 p - a +0 chain mail (worn)
Jewellery
 j - a ring of protection from magic (left hand)
Scrolls
 e - 5 scrolls of identify {unknown}
 g - 2 scrolls of immolation {unknown}
 h - 2 scrolls of remove curse {unknown}
 k - a scroll of enchant armour {unknown}
 n - 2 scrolls of amnesia {unknown}
 o - a scroll of noise {unknown}
Potions
 b - a potion of lignification {unknown}
 d - 2 potions of might
 l - 2 potions of agility {unknown}
 m - a potion of curing {unknown}
Comestibles
 f - 5 rations
 q - 3 chunks of flesh


   Skills:
 + Level 4.4 Fighting
 * Level 3.8 Axes
 + Level 4.4 Armour
 + Level 4.3 Shields


You had 5 spell levels left.
You didn't know any spells.
Your spell library was empty.

Dungeon Overview and Level Annotations

Branches:
Dungeon (3/15)

Altars:
Elyvilon
Gozag
Kikubaaqudgha
Okawaru
Sif Muna


Innate Abilities, Weirdness & Mutations

You are resistant to torment.
Your stone body is resilient. (AC +4)
You are immune to poison.
You resist negative energy. (rN+)
You are resistant to electric shocks. (rElec)
You can survive without breathing.
You are immune to petrification.
You are immune to rotting.


Message History

The crocodile is heavily wounded.
You block the crocodile's attack.
Your shield and chain mail prevent you from hitting the crocodile.
The crocodile is heavily wounded.
The crocodile bites you! The crocodile barely misses you.
You are too injured to fight recklessly!
You are too injured to fight recklessly!
You are too injured to fight recklessly!
You hit the crocodile.
The crocodile is heavily wounded.
The crocodile bites you but does no damage.
You completely miss the crocodile.
The crocodile is heavily wounded.
The crocodile bites you but does no damage.
The crocodile bites you!
* * * LOW HITPOINT WARNING * * *
You barely miss the crocodile.
The crocodile is heavily wounded.
The crocodile bites you!
You die...

##...## ##.## #.#
#.# ### #.# ....
#.# ..... #.#
$.....####.#######
%.....t@..........
$.....############
..... .... ###


You could see a crocodile.

Vanquished Creatures
  A phantom (D:3)
  2 orc priests (D:2)
  An orc wizard (D:2)
  2 adders
  2 oozes
  3 worms
  2 dart slugs (D:1)
  A leopard gecko (D:1)
  An orc (D:2)
  2 ball pythons (D:1)
  4 giant cockroaches
  3 goblins (D:1)
  3 hobgoblins
  3 jackals (D:1)
  6 kobolds
  8 bats
  2 frilled lizards
  7 rats
53 creatures vanquished.

Notes
Turn   | Place    | Note
-------+----------+-------------------------------------------
     0 | D:1      | Laan the Gargoyle Fighter began the quest for the Orb.
     0 | D:1      | Reached XP level 1. HP: 14/14 MP: 1/1
    38 | D:1      | Reached XP level 2. HP: 14/19 MP: 2/2
   246 | D:1      | Reached XP level 3. HP: 23/23 MP: 3/3
   759 | D:2      | Found a white marble altar of Elyvilon.
   759 | D:2      | Found an ancient bone altar of Kikubaaqudgha.
   775 | D:2      | Reached XP level 4. HP: 16/29 MP: 4/4
   820 | D:2      | Reached XP level 5. HP: 7/33 MP: 5/5
  1222 | D:2      | Found an iron altar of Okawaru.
  1223 | D:2      | Found an opulent altar of Gozag.
  1325 | D:2      | Found a faded altar of an unknown god.
  1422 | D:2      | Found a deep blue altar of Sif Muna.
  1644 | D:3      | Noticed a phantom
  1669 | D:3      | Killed a phantom
  1669 | D:3      | Reached XP level 6. HP: 23/39 MP: 6/6
  1699 | D:3      | Found a glowing drain.
  1732 | Sewer    | Entered a sewer
  1835 | Sewer    | Slain by a crocodile

Skill      XL: |  1  2  3  4 |
---------------+-------------+-----
Axes           | 2 3 |  3.8
Fighting       | 4 |  4.4
Armour         | 4 |  4.4
Shields        | 4 |  4.3

Action                   |  1- 3 |  4- 6 || total
-------------------------+-------+-------++-------
Melee: War axe           |    82 |   131 ||   213
  Eat: Chunk             |       |     3 ||     3
Armor: Scale mail        |    38 |     1 ||    39
       Chain mail        |       |    96 ||    96
Dodge: Dodged            |    22 |    49 ||    71
Block: Shield            |    46 |    92 ||   138
